Map: Fracture LE

Players

ShoWTimE - Winner!

  • Race: Protoss Protoss
  • Spawn Location: 11:00

Dark

  • Race: Zerg Zerg
  • Spawn Location: 5:00

Event: 2018 WCS Global Finals

VOD

Have the link to the VOD?

Description

Time

  • Played on: Oct. 27, 2018, 12:20 p.m.
  • Length: 13:55

All games in this series

Show
View Real Time Build Order
Export as new Build Order

ShoWTimE Protoss - Winner!

Build Orders: Archon Immortal 

Get SALT Encoding   

  12  0:00  Probe  
  13  0:13  Probe  
  13  0:14  Pylon  
  14  0:22  Probe  
  15  0:32  Probe  
  16  0:39  Gateway  
  16  0:44  Probe  
  17  0:51  Assimilator  
  17  0:56  Probe  
  18  1:06  Gateway  
  18  1:08  Probe  
  19  1:20  Probe  
  20  1:26  Cybernetics Core  
  20  1:27  Zealot  
  22  1:33  Pylon  
  22  1:36  Probe  
  23  1:48  Pylon  
  23  1:51  Probe  
  23  1:53  Stalker  
  23  1:54  Stalker  
  28  2:10  Shield Battery  
  28  2:12  Probe  
  29  2:22  Warp Gate  
  29  2:27  Probe  
  30  2:32  Adept  
  32  2:38  Adept  
  34  2:46  Pylon  
  34  3:02  Probe  
  35  3:10  Shield Battery  
  35  3:11  Shield Battery  
  33  3:18  Adept, Shield Battery  
  35  3:29  Nexus  
  35  3:30  Probe  
  36  3:34  Shield Battery  
  36  3:41  Sentry, Shield Battery  
  38  3:47  Pylon  
  38  3:53  Probe  
  38  3:54  Assimilator  
  38  4:05  Probe  
  39  4:18  Probe, Pylon  
  39  4:23  Robotics Facility  
  40  4:35  Probe  
  40  4:36  Pylon  
  40  4:38  Probe, Sentry  
  43  4:42  Gateway  
  43  4:43  Probe  
  44  4:46  Probe  
  44  4:49  Phoenix  
  44  4:51  Probe  
  46  4:56  Probe  
  48  5:02  Immortal  
  48  5:03  Probe  
  49  5:08  Probe, Sentry  
  56  5:15  Probe  
  56  5:20  Gateway  
  57  5:22  Gateway  
  57  5:24  Probe  
  59  5:28  Probe  
  59  5:31  Gateway  
  59  5:35  Sentry  
  61  5:39  Immortal  
  61  5:43  Shield Battery  
  61  5:45  Pylon  
  65  5:55  Shield Battery  
  65  5:58  Pylon  
  65  6:04  Adept x2  
  69  6:06  Stalker  
  69  6:08  Warp Prism  
  71  6:12  Shield Battery  
  71  6:21  Pylon  
  71  6:28  Zealot x2  
  71  6:31  Zealot  
  77  6:34  Pylon  
  77  6:45  Stalker, Pylon  
  77  6:47  Pylon  
  77  6:50  Phoenix, Observer  
  76  6:59  Stalker x3  
  82  7:03  Immortal  
  82  7:05  Gateway  
  82  7:09  Probe  
  82  7:10  Probe  
  88  7:20  Assimilator  
  88  7:23  Probe x2  
  88  7:24  Assimilator  
  88  7:28  Adept x2  
  94  7:37  Zealot x2  
  98  7:46  Gateway  
  98  7:54  Forge  
  98  7:56  Twilight Council  
  98  8:00  Gateway  
  98  8:05  Probe x2  
  100  8:09  Sentry  
  100  8:10  Protoss Ground Weapons Level 1  
  100  8:12  Pylon  
  102  8:24  Charge  
  102  8:26  Nexus  
  102  8:33  Probe x2  
  104  8:50  Templar Archives, Zealot x2  
  108  8:58  Pylon  
  108  9:03  Pylon  
  108  9:05  Zealot  
  110  9:13  Pylon  
  110  9:17  Immortal  
  114  9:23  Gateway  
  114  9:26  High Templar  
  114  9:27  High Templar, Zealot  
  120  9:32  Archon  
  120  9:34  High Templar x2  
  120  9:35  Zealot  
  126  9:38  Archon  
  126  9:40  Probe x2  
  126  9:41  Probe  
  126  9:44  Shield Battery  
  129  9:56  Pylon  
  129  10:02  High Templar x2  
  129  10:03  Zealot x3  
  129  10:07  Archon  
  141  10:14  Assimilator  
  141  10:18  Assimilator  
  142  10:21  Zealot  
  142  10:22  Zealot  
  142  10:23  Zealot x3  
  142  10:28  Psionic Storm  
  147  10:30  Zealot  
  135  10:44  Zealot x2  
  135  10:45  Zealot x2  
  133  10:55  Zealot x4  
  116  11:05  Immortal  
  110  11:14  Zealot x4  
  106  11:18  Probe  
  106  11:21  High Templar x3  
  106  11:23  Probe  
  110  11:26  High Templar  
  110  11:31  Shield Battery  
  108  11:40  Probe x3  
  108  11:41  High Templar  
  108  11:42  High Templar  
  115  11:52  Probe x2  
  115  11:53  Immortal  
  121  11:55  Probe  
  121  12:01  Zealot x2  
  124  12:04  Probe x2  
  124  12:07  Probe, Pylon  
  129  12:10  High Templar x2  
  133  12:16  Archon  
  133  12:23  Zealot x3  
  133  12:28  Photon Cannon  
  139  12:32  High Templar x2  
  143  12:37  Archon, Observer  
  143  12:42  Pylon  
  144  13:00  Nexus, Zealot  
  144  13:01  Zealot x4  
  144  13:05  Zealot x2  
  142  13:15  Zealot  
  132  13:22  Zealot x3  
  132  13:23  Zealot x2  
  132  13:25  Zealot x2  
  134  13:40  Zealot  
  134  13:49  Zealot  
  134  13:50  Zealot x6  
Show
View Real Time Build Order
Export as new Build Order

Dark Zerg 

Build Orders: Hatch First 

Get SALT Encoding   

  12  0:00  Drone  
  13  0:13  Overlord  
  13  0:16  Drone  
  14  0:31  Drone  
  14  0:32  Drone  
  16  0:36  Drone  
  17  0:55  Drone  
  18  0:57  Hatchery  
  18  0:59  Drone  
  18  1:05  Extractor  
  17  1:15  Spawning Pool  
  17  1:17  Drone  
  17  1:20  Drone  
  18  1:29  Drone  
  19  1:40  Drone  
  20  1:58  Drone  
  21  2:09  Queen  
  21  2:11  Zergling x2  
  21  2:14  Metabolic Boost  
  24  2:17  Hatchery  
  23  2:36  Hatchery  
  22  2:40  Overlord  
  22  2:50  Zergling x6  
  25  2:53  Zergling x2  
  25  2:57  Zergling x2  
  27  3:00  Zergling x2  
  27  3:04  Zergling x2  
  29  3:07  Zergling x2  
  29  3:16  Zergling x2  
  29  3:21  Overlord  
  29  3:26  Zergling x2  
  30  3:30  Zergling x4  
  30  3:32  Zergling x2  
  32  3:41  Zergling x2  
  32  3:43  Baneling Nest, Zergling x2  
  33  3:49  Zergling x2  
  33  3:53  Zergling x2  
  35  4:15  Roach Warren  
  35  4:17  Drone x5  
  36  4:19  Drone  
  41  4:27  Queen  
  43  4:52  Overlord x2  
  43  5:10  Roach x2  
  43  5:11  Roach x5  
  43  5:14  Roach  
  59  5:17  Overlord  
  59  5:33  Hatchery  
  58  5:38  Ravager x2  
  58  5:39  Ravager  
  58  5:42  Ravager  
  62  5:48  Ravager  
  63  5:50  Zergling x8  
  63  5:56  Zergling x2  
  68  6:17  Overlord  
  68  6:18  Overlord  
  68  6:19  Overlord  
  68  6:37  Ravager  
  68  6:40  Zergling x2  
  68  6:44  Drone x2  
  68  6:45  Drone x6  
  75  6:53  Drone x3  
  77  6:57  Drone  
  77  6:58  Drone x2  
  76  7:07  Queen  
  78  7:11  Drone  
  78  7:12  Extractor  
  78  7:13  Zergling x4  
  80  7:16  Overlord  
  80  7:19  Zergling x4  
  80  7:22  Ravager x2  
  84  7:28  Drone  
  85  7:31  Drone x2  
  87  7:44  Zergling x4  
  87  7:45  Lair, Zergling x2  
  87  7:51  Drone x5  
  92  8:01  Zergling x10  
  92  8:05  Drone  
  98  8:06  Extractor, Overlord x2  
  98  8:08  Extractor  
  96  8:13  Overlord  
  96  8:16  Overlord x2  
  96  8:23  Overlord  
  96  8:24  Drone x2  
  98  8:31  Roach x3  
  104  8:35  Roach x3  
  104  8:38  Zergling x6  
  104  8:40  Roach x2  
  116  8:41  Zergling x2  
  116  8:45  Glial Reconstitution  
  116  8:47  Evolution Chamber  
  116  8:49  Drone  
  116  8:52  Drone x2  
  119  8:56  Drone  
  119  8:57  Drone  
  119  9:02  Baneling Nest  
  119  9:05  Drone x3  
  119  9:08  Drone  
  123  9:10  Drone  
  123  9:13  Overlord  
  124  9:23  Extractor, Zerg Melee Weapons Level 1  
  122  9:31  Drone  
  122  9:32  Drone x3  
  126  9:40  Hatchery  
  126  9:43  Drone x2  
  127  9:47  Centrifical Hooks  
  127  9:49  Ravager  
  127  9:50  Ravager  
  127  9:51  Baneling x9  
  127  9:52  Baneling x3  
  128  9:53  Baneling  
  128  9:59  Zergling x6  
  131  10:01  Baneling x4  
  131  10:02  Baneling  
  131  10:06  Zergling x6  
  134  10:10  Zergling x6  
  134  10:13  Zergling x4  
  139  10:18  Zergling x8  
  145  10:21  Ravager x2  
  131  10:36  Zergling x12  
  130  10:43  Zergling x14  
  120  10:52  Zergling x4  
  120  10:53  Zergling x6  
  120  10:56  Zergling x4  
  108  10:59  Zergling x4  
  101  11:04  Zergling x2  
  101  11:09  Zergling x4  
  98  11:16  Zergling x4  
  95  11:31  Hatchery  
  94  11:34  Zergling x4  
  94  11:36  Zerg Melee Weapons Level 2  
  94  11:38  Hatchery  
  93  11:42  Zergling x4  
  93  11:45  Zergling x2  
  96  11:50  Zergling x2  
  96  11:51  Baneling, Zergling x2  
  96  11:52  Baneling x3  
  98  11:57  Drone  
  98  11:59  Drone  
  100  12:02  Baneling x2  
  98  12:24  Zergling x14  
  105  12:30  Drone  
  105  12:31  Drone, Infestation Pit  
  106  12:39  Zergling x4  
  106  12:42  Baneling x7  
  106  12:43  Baneling x7  
  108  12:45  Zergling x8  
  108  12:50  Zergling x2  
  108  12:51  Zergling x8  
  115  12:54  Baneling x6  
  115  12:55  Zergling x4  
  116  13:01  Zergling x4  
  116  13:04  Baneling x3, Zergling x2  
  116  13:05  Zergling x2  
  114  13:15  Zergling x12  
  111  13:20  Zergling x4  
  111  13:24  Baneling x8  
  108  13:33  Zergling x6  
Tags
 
Add a new tag
Caveats
  • Supply blocks, unpowered buildings, or Contaminate may cause inaccurate times.
  • Supply counts are checked every 10 seconds.